TOP OF THE 1ST |
Madison Bombers batting - Pitching for Vista Panthers : RHP Randy Mailman
|
Pitching: RHP Randy Mailman
|
|
Batting: RHB Guo-xiu Choi
|
0-0: Ball 1-0: Ball 2-0: Ball 3-0: Called Strike 3-1: Swinging Strike 3-2: Base on Balls
|
Batting: SHB Jorge Flores
|
0-0: Ball 1-0: Fly out, F7 (Flyball, 7S)
|
Batting: RHB Sergio Márquez
|
0-0: Ball 1-0: Ball 2-0: Fielders Choice at 2nd, 1-4 (Groundball, 15S)
|
Batting: RHB Juan Costello
|
0-0: Ball 1-0: Called Strike 1-1: Fly out, F9 (Flyball, 9S)
|
Top of the 1st over - 0 run(s), 0 hit(s), 0 error(s), 1 left on base; Madison 0 - Vista 0 |
BOTTOM OF THE 1ST |
Vista Panthers batting - Pitching for Madison Bombers : RHP Clint John
|
Pitching: RHP Clint John
|
|
Batting: LHB Francisco Marino
|
0-0: Bunt missed! 0-1: SINGLE (Groundball, 4D)
|
Batting: RHB Alfredo López
|
0-0: Ball 1-0: Foul Ball, location: 2F 1-1: Ball 2-1: Called Strike 2-2: Fly out, F9 (Flyball, 9LS)
|
Batting: LHB Donovan Bird
|
0-0: Ball 1-0: Foul Ball, location: 2F 1-1: Ball 2-1: Ball 3-1: DOUBLE (Line Drive, 8LD) Francisco Marino to third Runner from 3rd tries for Home, SAFE, no throw
|
Batting: SHB Mark Wells
|
0-0: Called Strike 0-1: Ball 1-1: Called Strike 1-2: Ground out 6-3 (Groundball, 6)
|
Batting: RHB Phil Matthews
|
0-0: Ball 1-0: Ball 2-0: Called Strike 2-1: Swinging Strike 2-2: Foul Ball, location: 2F 2-2: Ground out 6-3 (Groundball, 6)
|
Bottom of the 1st over - 1 run(s), 2 hit(s), 0 error(s), 1 left on base; Madison 0 - Vista 1 |
TOP OF THE 2ND |
Madison Bombers batting - Pitching for Vista Panthers : RHP Randy Mailman
|
Batting: LHB Mike Callahan
|
0-0: Fly out, F8 (Flyball, 89XD)
|
Batting: RHB Will Brown
|
0-0: Called Strike 0-1: Ball 1-1: Fly out, F8 (Flyball, 8RD)
|
Batting: SHB Bob Warren
|
0-0: Ball 1-0: Called Strike 1-1: Ground out 4-3 (Groundball, 4)
|
Top of the 2nd over - 0 run(s), 0 hit(s), 0 error(s), 0 left on base; Madison 0 - Vista 1 |
BOTTOM OF THE 2ND |
Vista Panthers batting - Pitching for Madison Bombers : RHP Clint John
|
Batting: LHB Patrick Osborne
|
0-0: Ball 1-0: Ball 2-0: SINGLE (Flyball, 89S)
|
Batting: RHB Pablo Peña
|
0-0: Ball 1-0: Called Strike Throwing error on steal attempt, E2 Patrick Osborne to third 1-1: Ball 2-1: SINGLE (Line Drive, 4MD) Patrick Osborne scores
|
Batting: LHB Felipe Cruz
|
0-0: Called Strike 0-1: Ball 1-1: Ball 2-1: Called Strike 2-2: Ball 3-2: Foul Ball, location: 2F 3-2: Foul Ball, location: 2F 3-2: DOUBLE (Flyball, 89D) Pablo Peña to third
|
Batting: RHB Justin Burgess
|
0-0: Ball 1-0: Ball 2-0: Foul Ball, location: 2F 2-1: Ball 3-1: Foul Ball, location: 2F 3-2: Foul Ball, location: 2F 3-2: Base on Balls
|
Batting: LHB Francisco Marino
|
0-0: Ball 1-0: Swinging Strike 1-1: Called Strike 1-2: Foul Ball, location: 2F 1-2: Foul Ball, location: 2F 1-2: Strikes out swinging
|
Batting: RHB Alfredo López
|
0-0: Ball 1-0: Ball 2-0: Ball 3-0: Fly out, F8 (Flyball, 78M) Runner from 3rd tags up, OUT at HOME
|
Bottom of the 2nd over - 1 run(s), 3 hit(s), 1 error(s), 2 left on base; Madison 0 - Vista 2 |
TOP OF THE 3RD |
Madison Bombers batting - Pitching for Vista Panthers : RHP Randy Mailman
|
Batting: RHB John Denton
|
0-0: Called Strike 0-1: Foul Ball, location: 2F 0-2: Ground out 2-3 (Groundball, 2R)
|
Batting: RHB Cris Fuentes
|
0-0: Called Strike 0-1: Ball 1-1: Ball 2-1: Called Strike 2-2: SOLO HOME RUN (Flyball, 89XD), Distance : 426 ft
|
Batting: RHB Guo-xiu Choi
|
0-0: Reached on error, E3 (Groundball, 3S)
|
Batting: SHB Jorge Flores
|
0-0: Called Strike 0-1: Ball 1-1: SINGLE (Groundball, 56D) Guo-xiu Choi to second
|
Batting: RHB Sergio Márquez
|
0-0: Called Strike 0-1: Called Strike 0-2: Foul Ball, location: 2F 0-2: Fly out, F1 (Line Drive, 15)
|
Batting: RHB Juan Costello
|
0-0: Called Strike 0-1: Called Strike 0-2: Ground out 5-3 (Groundball, 56)
|
Top of the 3rd over - 1 run(s), 2 hit(s), 1 error(s), 2 left on base; Madison 1 - Vista 2 |
BOTTOM OF THE 3RD |
Vista Panthers batting - Pitching for Madison Bombers : RHP Clint John
|
Batting: LHB Donovan Bird
|
0-0: Called Strike 0-1: Ball 1-1: Foul Ball, location: 2F 1-2: Foul Ball, location: 2F 1-2: Ball 2-2: Ball 3-2: Base on Balls
|
Batting: SHB Mark Wells
|
0-0: Ball 1-0: Called Strike 1-1: Grounds into double play, 6-4-3 (Groundball, 6)
|
Batting: RHB Phil Matthews
|
0-0: Ball 1-0: SINGLE (Groundball, 4) (infield hit)
|
Batting: LHB Patrick Osborne
|
0-0: Called Strike 0-1: Ball 1-1: Hit by Pitch Phil Matthews to second
|
Batting: RHB Pablo Peña
|
0-0: Called Strike 0-1: Foul Ball, location: 2F 0-2: Ball 1-2: Ball 2-2: Reached on error, E6 (Groundball, 6) Phil Matthews to third Patrick Osborne to second
|
Batting: LHB Felipe Cruz
|
0-0: Ball 1-0: Swinging Strike 1-1: Fly out, F9 (Flyball, 9S)
|
Bottom of the 3rd over - 0 run(s), 1 hit(s), 1 error(s), 3 left on base; Madison 1 - Vista 2 |
TOP OF THE 4TH |
Madison Bombers batting - Pitching for Vista Panthers : RHP Randy Mailman
|
Batting: LHB Mike Callahan
|
0-0: Ball 1-0: Called Strike 1-1: Fly out, F9 (Line Drive, 9)
|
Batting: RHB Will Brown
|
0-0: Called Strike 0-1: Called Strike 0-2: Ball 1-2: Foul Ball, location: 2F 1-2: Ball 2-2: Foul Ball, location: 2F 2-2: Ball 3-2: Base on Balls
|
Batting: SHB Bob Warren
|
0-0: Called Strike 0-1: DOUBLE (Flyball, 89D) Will Brown to third
|
Batting: RHB John Denton
|
0-0: Swinging Strike 0-1: Called Strike 0-2: SINGLE (Flyball, 89S) Will Brown scores Bob Warren to third
|
Batting: RHB Cris Fuentes
|
0-0: Ball 1-0: Ball 2-0: Ball 3-0: Called Strike 3-1: Called Strike 3-2: Foul Ball, location: 2F 3-2: SINGLE (Groundball, 34D) Bob Warren scores John Denton to second John Denton to third
|
Batting: RHB Guo-xiu Choi
|
0-0: Called Strike 0-1: Foul Ball, location: 2F 0-2: Ball 1-2: Ball 2-2: SINGLE (Groundball, 3L) (infield hit) John Denton scores Cris Fuentes to second
|
Batting: SHB Jorge Flores
|
0-0: Foul Ball, location: 2F 0-1: Fielders Choice at 2nd, 5-4 (Groundball, 56) Cris Fuentes to third
|
Batting: RHB Sergio Márquez
|
0-0: Called Strike 0-1: Ball 1-1: Ball 2-1: Foul Ball, location: 2F 2-2: Fielders Choice at 2nd, 6-4 (Groundball, 6)
|
Top of the 4th over - 3 run(s), 4 hit(s), 0 error(s), 1 left on base; Madison 4 - Vista 2 |
BOTTOM OF THE 4TH |
Vista Panthers batting - Pitching for Madison Bombers : RHP Clint John
|
Batting: RHB Justin Burgess
|
0-0: Called Strike 0-1: Called Strike 0-2: Ball 1-2: Ball 2-2: Ground out 6-3 (Groundball, 6)
|
Batting: LHB Francisco Marino
|
0-0: Called Strike 0-1: Fly out, F7 (Line Drive, 7)
|
Batting: RHB Alfredo López
|
0-0: Called Strike 0-1: Swinging Strike 0-2: Foul Ball, location: 2F 0-2: Ground out 5-3 (Groundball, 56)
|
Bottom of the 4th over - 0 run(s), 0 hit(s), 0 error(s), 0 left on base; Madison 4 - Vista 2 |
TOP OF THE 5TH |
Madison Bombers batting - Pitching for Vista Panthers : RHP Randy Mailman
|
Pitching: RHP António López
|
|
Batting: RHB Juan Costello
|
0-0: SINGLE (Groundball, 15S) (infield hit)
|
Batting: LHB Mike Callahan
|
0-0: Swinging Strike 0-1: Ball 1-1: Ball 2-1: Swinging Strike 2-2: Ball 3-2: SINGLE (Groundball, 4D) Juan Costello to second Runner from 2nd tries for 3rd, SAFE, throw made to third
|
Batting: RHB Will Brown
|
0-0: Called Strike 0-1: Called Strike 0-2: Foul Ball, location: 2F 0-2: Strikes out swinging
|
Batting: SHB Bob Warren
|
0-0: Ball 1-0: Ball 2-0: Ball 3-0: Called Strike 3-1: Called Strike 3-2: Grounds into double play, 6-4-3 (Groundball, 6)
|
Top of the 5th over - 0 run(s), 2 hit(s), 0 error(s), 1 left on base; Madison 4 - Vista 2 |
BOTTOM OF THE 5TH |
Vista Panthers batting - Pitching for Madison Bombers : RHP Clint John
|
Pitching: RHP Manny Canseco
|
|
Batting: LHB Donovan Bird
|
0-0: SINGLE (Line Drive, 8LS)
|
Batting: SHB Mark Wells
|
0-0: Ball 1-0: Ball 2-0: Called Strike 2-1: Called Strike 2-2: Foul Ball, location: 2F 2-2: Strikes out swinging
|
Batting: RHB Phil Matthews
|
0-0: Called Strike 0-1: Ball 1-1: Called Strike 1-2: Ball 2-2: Fly out, F7 (Flyball, 7S)
|
Batting: LHB Patrick Osborne
|
0-0: Ball 1-0: Ball 2-0: Called Strike 2-1: Foul Ball, location: 2F 2-2: DOUBLE (Groundball, 3L) Donovan Bird to third
|
Batting: RHB Pablo Peña
|
0-0: Called Strike 0-1: Foul Ball, location: 2F 0-2: Strikes out looking
|
Bottom of the 5th over - 0 run(s), 2 hit(s), 0 error(s), 2 left on base; Madison 4 - Vista 2 |
TOP OF THE 6TH |
Madison Bombers batting - Pitching for Vista Panthers : RHP António López
|
Batting: RHB John Denton
|
0-0: Ball 1-0: Foul Ball, location: 2F 1-1: Bunted foul 1-2: Ball 2-2: Ball 3-2: Foul Ball, location: 2F 3-2: Base on Balls
|
Batting: RHB Cris Fuentes
|
0-0: Ground out 5-3 (Groundball, 56S) John Denton to second
|
Pinch Hitting: LHB George Smith
|
0-0: Ball 1-0: Called Strike 1-1: Ground out 4-3 (Groundball, 4D) John Denton to third
|
Pinch Hitting: RHB Jesús Cabrera
|
0-0: Ball 1-0: Ball 2-0: Swinging Strike 2-1: Ball 3-1: Called Strike 3-2: Fly out, F6 (Line Drive, 6)
|
Top of the 6th over - 0 run(s), 0 hit(s), 0 error(s), 1 left on base; Madison 4 - Vista 2 |
BOTTOM OF THE 6TH |
Vista Panthers batting - Pitching for Madison Bombers : RHP Manny Canseco
|
Now at 2B: Jesús Cabrera
|
|
Now in CF: Bruce Brooks
|
|
Batting: LHB Felipe Cruz
|
0-0: Foul Ball, location: 2F 0-1: Ball 1-1: Foul Ball, location: 2F 1-2: Strikes out looking
|
Batting: RHB Justin Burgess
|
0-0: Ball 1-0: Swinging Strike 1-1: Called Strike 1-2: Foul Ball, location: 2F 1-2: SINGLE (Line Drive, 34D)
|
Pinch Hitting: RHB John Mendelson
|
0-0: DOUBLE (Flyball, 89D) Justin Burgess to third
|
Pinch Hitting: RHB Griswold Coleman
|
0-0: Ground out 6-3 (Groundball, 6) Justin Burgess scores John Mendelson to third
|
Pinch Hitting: RHB Luis Martínez
|
0-0: Ball 1-0: Fly out, F8 (Flyball, 89M)
|
Bottom of the 6th over - 1 run(s), 2 hit(s), 0 error(s), 1 left on base; Madison 4 - Vista 3 |
TOP OF THE 7TH |
Madison Bombers batting - Pitching for Vista Panthers : RHP António López
|
Now at 1B: Luis Martínez
|
|
Now at 2B: Griswold Coleman
|
|
Now in CF: John Mendelson
|
|
Pinch Hitting: LHB Ramón Morales
|
0-0: Ball 1-0: Ball 2-0: SINGLE (Flyball, 8RS)
|
Pinch Hitting: SHB Ricardo Arévalo
|
0-0: Fly out, F6 (Popup, 56D)
|
Pitching: LHP Mario Tobías
|
|
Batting: RHB Eric Thompson
|
0-0: Called Strike 0-1: Ball 1-1: Foul Ball, location: 2F 1-2: Foul Ball, location: 2F 1-2: Strikes out swinging
|
Pitching: LHP Xavier Velázquez
|
|
Pinch Hitting: RHB Shawn Marshall
|
0-0: Ball 1-0: Fly out, F3 (Popup, 4S)
|
Top of the 7th over - 0 run(s), 1 hit(s), 0 error(s), 1 left on base; Madison 4 - Vista 3 |
BOTTOM OF THE 7TH |
Vista Panthers batting - Pitching for Madison Bombers : RHP Manny Canseco
|
Now at 1B: Shawn Marshall
|
|
Now at 3B: Bailey Ramsey
|
|
Now at SS: Ricardo Arévalo
|
|
Batting: LHB Ray Bryant
|
0-0: Ball 1-0: Swinging Strike 1-1: Ball 2-1: Called Strike 2-2: Foul Ball, location: 2F 2-2: Ball 3-2: Foul Ball, location: 2F 3-2: Strikes out swinging
|
Pinch Hitting: RHB Salvador Salas
|
0-0: Fly out, F9 (Flyball, 9LS)
|
Pitching: LHP Dave Carbone
|
|
Pinch Hitting: LHB Brent Alonzo
|
0-0: Ball 1-0: Fly out, F8 (Flyball, 78D)
|
Bottom of the 7th over - 0 run(s), 0 hit(s), 0 error(s), 0 left on base; Madison 4 - Vista 3 |
TOP OF THE 8TH |
Madison Bombers batting - Pitching for Vista Panthers : LHP Xavier Velázquez
|
Now in LF: Armando Colón
|
|
Now in RF: Brent Alonzo
|
|
Pinch Hitting: RHB William Farmer
|
0-0: Called Strike 0-1: SINGLE (Groundball, 6D)
|
Pinch Hitting: RHB Dick Slagboom
|
0-0: Ball 1-0: Bunted foul 1-1: Bunted foul 1-2: Ball 2-2: Ball 3-2: Foul Ball, location: 2F 3-2: Base on Balls William Farmer to second
|
Batting: RHB Cris Fuentes
|
0-0: Fly out, F4 (Line Drive, 4)
|
Pinch Hitting: RHB Vicente Vélez
|
0-0: Foul Ball, location: 2F 0-1: Swinging Strike 0-2: Ball 1-2: Ball 2-2: Foul Ball, location: 2F 2-2: Strikes out swinging
|
Batting: RHB Jesús Cabrera
|
0-0: Ball 1-0: Foul Ball, location: 2F 1-1: Ball 2-1: Swinging Strike 2-2: Ball 3-2: Strikes out swinging
|
Top of the 8th over - 0 run(s), 1 hit(s), 0 error(s), 2 left on base; Madison 4 - Vista 3 |
BOTTOM OF THE 8TH |
Vista Panthers batting - Pitching for Madison Bombers : LHP Dave Carbone
|
Now in LF: William Farmer
|
|
Now in CF: Aurelio Cruz
|
|
Now in RF: Miguel Toro
|
|
Batting: RHB Pablo Peña
|
0-0: Ball 1-0: Ball 2-0: Ball 3-0: Foul Ball, location: 2F 3-1: Base on Balls
|
Pitching: LHP George Moore
|
|
Pinch Hitting: RHB Bonifacio Torres
|
0-0: Ball 1-0: Called Strike 1-1: Swinging Strike 1-2: Strikes out looking
|
Batting: RHB Justin Burgess
|
0-0: Ball 1-0: Called Strike 1-1: Ball 2-1: Sac Bunt - play at first, batter OUT! 1-4 Pablo Peña to second
|
Batting: RHB John Mendelson
|
0-0: Ball 1-0: Ball 2-0: Ball 3-0: Foul Ball, location: 2F 3-1: Foul Ball, location: 2F 3-2: Base on Balls
|
Batting: RHB Griswold Coleman
|
0-0: Ball 1-0: Foul Ball, location: 2F 1-1: Fly out, F8 (Flyball, 8RM)
|
Bottom of the 8th over - 0 run(s), 0 hit(s), 0 error(s), 2 left on base; Madison 4 - Vista 3 |
TOP OF THE 9TH |
Madison Bombers batting - Pitching for Vista Panthers : LHP Xavier Velázquez
|
Pitching: RHP Craig Lewis
|
|
Now at 3B: Fletcher Reed
|
|
Batting: RHB Bailey Ramsey
|
0-0: Called Strike 0-1: Ball 1-1: Swinging Strike 1-2: Strikes out looking
|
Pitching: RHP Mitsunari Taguchi
|
|
Batting: SHB Ricardo Arévalo
|
0-0: Called Strike 0-1: Called Strike 0-2: Foul Ball, location: 2F 0-2: Strikes out swinging
|
Pitching: RHP Dave Jackson
|
|
Batting: RHB Eric Thompson
|
0-0: Fly out, F9 (Flyball, 9LM)
|
Top of the 9th over - 0 run(s), 0 hit(s), 0 error(s), 0 left on base; Madison 4 - Vista 3 |
BOTTOM OF THE 9TH |
Vista Panthers batting - Pitching for Madison Bombers : LHP George Moore
|
Pitching: RHP Alonso Gallardo
|
|
Batting: RHB Luis Martínez
|
0-0: Ball 1-0: Fly out, F9 (Flyball, 9LS)
|
Batting: LHB Ray Bryant
|
0-0: Ball 1-0: Foul Ball, location: 2F 1-1: Foul Ball, location: 2F 1-2: Strikes out swinging
|
Batting: RHB Armando Colón
|
0-0: Ball 1-0: Foul Ball, location: 2F 1-1: Ball 2-1: Foul Ball, location: 2F 2-2: Ball 3-2: Strikes out looking
|
Bottom of the 9th over - 0 run(s), 0 hit(s), 0 error(s), 0 left on base; Madison 4 - Vista 3 |
|